 Dungeon Crawl Stone Soup version 0.31.0-32-g396128a36d (webtiles) character file.

Game seed: 10337799154813897693

5427 EldrichEcho the Slicer (level 10, -4/56 HPs)
             Began as a Vine Stalker Brigand on Mar 17, 2024.
             Was an Initiate of Gozag.
             Slain by a cyan ugly thing (13 damage)
             ... on level 9 of the Dungeon.
             The game lasted 00:15:16 (8101 turns).

EldrichEcho the Slicer (Vine Stalker Brigand)       Turns: 8101, Time: 00:15:17

Health: -4/56      AC: 25    Str: 20    XL:     10   Next: 67%
Magic:  0/11       EV: 11    Int: 11    God:    Gozag
Gold:   138        SH:  0    Dex: 24    Spells: 9/9 levels left

rFire   . . .        v - +2 dagger (holy)
rCold   . . .        (no shield)
rNeg    . . .        J - +7 chain mail "Pytafioss" {Dex+4}
rPois   .            H - +0 helmet
rElec   .            c - +0 cloak
rCorr   .            L - +2 pair of gloves
SInv    .            (no boots)
Will    +....        (no amulet)
Stlth   +            T - +4 ring of protection
HPRegen 1.09/turn    S - +6 ring of strength
MPRegen 0.12/turn

%: guardian spirit
@: about to teleport
A: fangs 3, regeneration 1, magic shield, antimagic bite, no potion heal 2
a: Renounce Religion, Potion Petition, Call Merchant, Bribe Branch


You were on level 9 of the Dungeon.
You worshipped Gozag.
Gozag was aware of your devotion.
You visited 2 branches of the dungeon, and saw 10 of its levels.
You also visited: Sewer and Ossuary.

You collected 953 gold pieces.
You spent 672 gold pieces at shops.
You paid 143 gold pieces to Gozag.


Innate Abilities, Weirdness & Mutations

You have razor-sharp teeth.
Your natural rate of healing is unusually fast.
When hurt, damage is shared between your health and your magic reserves.
Your bite disrupts and absorbs the magic of your enemies.
Potions cannot restore your health.


   Skills:
 - Level 8.0 Fighting
 - Level 10.0 Short Blades
 - Level 1.7 Throwing
 + Level 2.2 Armour
 + Level 4.7 Dodging
 - Level 7.0 Stealth
 + Level 0.8 Evocations


You had 9 spell levels left.
You didn't know any spells.
Your spell library contained the following spells:

 Spells                   Type           Power      Damage    Failure   Level
 Magic Dart               Conj           0%         1d3       96%         1
 Sandblast                Erth           0%         2d4       96%         1
 Slow                     Hex            0%         N/A       96%         1
 Blink                    Tloc           0%         N/A       99%         2
 Call Imp                 Summ           0%         N/A       99%         2
 Lesser Beckoning         Tloc           0%         N/A       99%         2
 Mercury Vapours          Alch/Air       0%         N/A       99%         2
 Confusing Touch          Hex            0%         N/A       100%        3
 Fugue of the Fallen      Necr           0%         N/A       100%        3
 Gell's Gravitas          Tloc           0%         N/A       100%        3
 Hailstorm                Conj/Ice       0%         3d5       100%        3
 Inner Flame              Hex/Fire       0%         N/A       100%        3
 Mephitic Cloud           Conj/Alch/Air  0%         N/A       100%        3
 Ozocubu's Armour         Ice            0%         N/A       100%        3
 Passwall                 Erth           0%         N/A       100%        3
 Sigil of Binding         Hex            0%         N/A       100%        3
 Stone Arrow              Conj/Erth      0%         3d7       100%        3
 Summon Ice Beast         Ice/Summ       0%         N/A       100%        3
 Teleport Other           Tloc           0%         N/A       100%        3
 Vampiric Draining        Necr           0%         2d6       100%        3
 Brom's Barrelling Bould  Conj/Erth      0%         2d3       100%        4
 Flame Wave               Conj/Fire      0%         2d4       100%        4
 Manifold Assault         Tloc           0%         N/A       100%        4
 Sticky Flame             Fire/Alch      0%         2d4       100%        4
 Freezing Cloud           Conj/Ice/Air   0%         6-21      100%        5
 Sculpt Simulacrum        Ice/Alch       0%         N/A       100%        6

Inventory:

Hand Weapons
 v - a +2 dagger of holy wrath (weapon)
Missiles
 d - 9 poisoned darts (quivered)
 e - a curare-tipped dart {=f}
 s - 5 darts of dispersal {=f}
Armour
 c - a +0 cloak (worn)
 o - a +4 chain mail of fire resistance
 t - a +2 pair of gloves
 H - a +0 helmet (worn)
 J - the +7 chain mail "Pytafioss" (worn) {Dex+4}
   (You found it on level 7 of the Dungeon)

   Dex+4:     It affects your dexterity (+4).
 L - a +2 pair of gloves (worn)
Magical Staves
 K - a staff of earth {!a}
Jewellery
 f - the ring of Yshoal {Fire Fly Int+3}
   (You found it on level 7 of the Dungeon)

   [ring of fire]

   Fire:      It enhances your fire magic.
   Int+3:     It affects your intelligence (+3).
   rF+:       It protects you from fire.
   rC-:       It makes you vulnerable to cold.
   Fly:       It grants you flight.
 F - a ring of fire
 S - a +6 ring of strength (right hand)
 T - a +4 ring of protection (left hand)
Wands
 g - a wand of charming (10)
 u - a wand of polymorph (16)
 N - a wand of mindburst (4)
 P - a wand of flame (8)
Scrolls
 i - a scroll of identify {@r1}
 k - 4 scrolls of fear
 m - a scroll of torment {unknown}
 n - 5 scrolls of teleportation {@r2}
 q - 3 scrolls of noise {unknown}
 r - 2 scrolls of brand weapon {unknown}
 w - 3 scrolls of amnesia
 x - 3 scrolls of summoning {unknown}
 y - 2 scrolls of revelation {unknown}
 A - a scroll of poison {unknown}
 C - a scroll of blinking {unknown}
 E - 2 scrolls of fog {unknown}
Potions
 a - a potion of attraction {unknown}
 b - 3 potions of magic
 h - 2 potions of resistance
 j - a potion of heal wounds {unknown}
 l - 8 potions of curing {@q1}
 p - 5 potions of haste {@q3}
 z - 3 potions of enlightenment
 B - 2 potions of mutation
 D - a potion of lignification {unknown}
 G - 2 potions of brilliance
 I - 7 potions of degeneration
 M - 2 potions of cancellation
 O - a potion of might {unknown}

Dungeon Overview and Level Annotations

Branches:
Dungeon (9/15)             Temple (1/1) D:6           Sewer (visited)
Ossuary (visited)
   Lair: D:8-11         Orc: D:9-12

Altars:
Ashenzari
Cheibriados
Dithmenos
Fedhas
Gozag
Hepliaklqana
Kikubaaqudgha
Makhleb
Nemelex Xobeh
Okawaru
Qazlal
Ru
Sif Muna
Uskayaw
Vehumet
Wu Jian
Xom
Yredelemnul
Zin
The Shining One

Shops:
D:5 (   D:8 !   D:9 (

Annotations:
D:3 3 runed translucent doors, jimmypageman's ghost, weakling MiFi
D:9 2 runed translucent doors

#....... ...... #.... .># #...##
. ▓▓ .... #.#..#
.▒▓.▓▓▓...###...##
▓.▓..▓▓▓.....#<.#
.▒▓▒..c.▓▓▓...#.##
.........u@▓▓...##
▒▓▒....▓▓▓......##
▓.▓..▓▓▓....##.#.###
▓.▓▓▓....#.##...... ###
▓▓▓.....#####....#. ..
▓▓▓......## ##..#####.## .
▓▓.......## ###...##..#..##. ▓▓
▓.^......# ##...............
.▒▓▓▓▓..##....###..▒▒▒.▒▒▒.......


You could see a cyan ugly thing and a centaur warrior.


Message History

You are too injured to fight recklessly!
You are too injured to fight recklessly!
You are too injured to fight recklessly!
You are too injured to fight recklessly!
You are too injured to fight recklessly!
You are too injured to fight recklessly!
You are too injured to fight recklessly!
You are too injured to fight recklessly!
You are too injured to fight recklessly!
You are too injured to fight recklessly!
You are too injured to fight recklessly!
You are too injured to fight recklessly!
The centaur warrior shoots an arrow.
The arrow barely misses you.
The cyan ugly thing attacks as it pursues you!
The cyan ugly thing closely misses you.
The centaur warrior shoots an arrow.
The arrow hits you.
* * * LOW HITPOINT WARNING * * *
The cyan ugly thing attacks as it pursues you!
The cyan ugly thing kicks you.
* * * LOW HITPOINT WARNING * * *
The cyan ugly thing shocks you!
* * * LOW HITPOINT WARNING * * *
There is an open door here.
Unknown command.
As you read the scroll of teleportation {@r2}, it crumbles to dust.
You feel strangely unstable. The cyan ugly thing kicks you.
* * * LOW HITPOINT WARNING * * *
The cyan ugly thing shocks you!
You die...
Your body crumbles into a pile of gold.

Skill      XL: |  1  2  3  4  5  6  7  8  9 10 |
---------------+-------------------------------+-----
Fighting       | 2 3 4 7 8 |  8.0
Short Blades   | 3 4 5 8 10 | 10.0
Dodging        | 2 3 4 |  4.7
Stealth        | 5 7 |  7.0
Armour         | 2 |  2.2
Throwing       | |  1.7
Evocations     | |  0.8

Action                     |  1- 3 |  4- 6 |  7- 9 | 10-12 || total
---------------------------+-------+-------+-------+-------++-------
  Melee: Dagger            |   104 |   147 |   657 |   199 ||  1107
         Bite              |    30 |    46 |   226 |    91 ||   393
         Punch             |       |     4 |    11 |     2 ||    17
         Unarmed           |       |     6 |       |       ||     6
  Throw: Dart              |       |     6 |     4 |       ||    10
    Use: Scroll            |       |     1 |       |     6 ||     7
   Stab: Sleeping          |     4 |     3 |       |     1 ||     8
         Distracted        |     1 |       |       |     1 ||     2
 Armour: Robe              |    19 |       |       |       ||    19
         Ring mail         |    32 |    78 |       |       ||   110
         Leather armour    |     1 |       |       |       ||     1
         Chain mail        |       |     7 |   432 |   106 ||   545
         Skin              |       |     1 |       |       ||     1
  Dodge: Dodged            |    61 |    75 |   296 |    61 ||   493

Levels and vault maps discovered:
D:1:      scummos_arrival_simple_fountains, layout_basic,
          shapermc_ecumenical_altar_petra
D:2:      layout_basic, grunt_ministairs_4, kennysheep_generic_room_11,
          uniq_terence
D:3:      layout_basic, gammafunk_ghost_split, uniq_grinder
D:4:      layout_basic, mainiacjoe_overflow_big_doors
D:5:      layout_rooms, serial_shops, shop, gup_sewer_entry_spiral,
          kennysheep_generic_room_15
D:6:      layout_loops_cross, mainiacjoe_overflow_concentric_impassable,
          nicolae_overflow_hidden_temple, temple_green, enter_ossuary_2
D:7:      minmay_spotlight, layout_rooms, hangedman_decor_diamond_cutter,
          grunt_ministairs_14, uniq_joseph
D:8:      layout_loops_corners, bloody_makhleb, serial_shops,
          nicolae_shop_pleasant_corner_grove, uniq_prince_ribbit1
D:9:      minmay_the_grid_four_pointed_star
          [minmay_the_grid_triangle_9x9_checkered,
          minmay_the_grid_triangle_9x9_wacky_v,
          minmay_the_grid_triangle_9x9_warning,
          minmay_the_grid_triangle_9x9_tough_junction,
          minmay_the_grid_prize_big_room], layout_cave_pools,
          old_standard_altar, serial_shops, nicolae_shop_mannequins,
          minivault_16, minivault_12
Temple:   nicolae_temple_bog_church

Notes
Turn   | Place    | Note
-------+----------+-------------------------------------------
     0 | D:1      | EldrichEcho the Vine Stalker Brigand began the quest for
                  | the Orb.
     0 | D:1      | Reached XP level 1. HP: 11/11 MP: 2/2
    99 | D:1      | Reached skill level 2 in Fighting
   135 | D:1      | Reached XP level 2. HP: 16/16 MP: 3/3
   533 | D:1      | Reached skill level 3 in Fighting
   538 | D:1      | Reached XP level 3. HP: 20/20 MP: 4/4
   545 | D:1      | Reached skill level 2 in Short Blades
   621 | D:1      | Found a faded altar of an unknown god.
   994 | D:2      | Reached skill level 3 in Short Blades
   994 | D:2      | Reached XP level 4. HP: 24/24 MP: 5/5
  1035 | D:2      | Noticed Terence
  1047 | D:2      | Killed Terence
  1370 | D:2      | Reached XP level 5. HP: 29/29 MP: 6/6
  1550 | D:3      | Noticed jimmypageman's ghost (weakling MiFi)
  1597 | D:3      | Found a runed translucent gate.
  1597 | D:3      | Found a runed translucent gate.
  1597 | D:3      | Found a runed translucent gate.
  1631 | D:3      | Reached skill level 4 in Fighting
  1761 | D:3      | Noticed Grinder
  2157 | D:4      | Reached skill level 1 in Dodging
  2170 | D:4      | Reached skill level 5 in Stealth
  2226 | D:4      | Noticed a phantom
  2251 | D:4      | Killed a phantom
  2252 | D:4      | Reached skill level 2 in Dodging
  2252 | D:4      | Reached XP level 6. HP: 33/33 MP: 7/7
  2285 | D:4      | Reached skill level 6 in Stealth
  2691 | D:3      | Paralysed by Grinder for 3 turns
  2711 | D:3      | Paralysed by Grinder for 5 turns
  2723 | D:3      | Killed Grinder
  2724 | D:3      | Reached skill level 3 in Dodging
  2724 | D:3      | Reached skill level 7 in Stealth
  2724 | D:3      | Reached XP level 7. HP: 37/37 MP: 8/8
  3013 | D:4      | Found a blossoming altar of Fedhas.
  3086 | D:4      | Reached skill level 4 in Dodging
  3624 | D:4      | Found an ornate altar of the Wu Jian Council.
  3706 | D:5      | Entered Level 5 of the Dungeon
  3777 | D:5      | Reached skill level 4 in Short Blades
  3777 | D:5      | Gained mutation: You have razor-sharp teeth. [Vine Stalker
                  | growth]
  3777 | D:5      | Reached XP level 8. HP: 39/42 MP: 7/9
  3901 | D:5      | Found a glowing drain.
  3907 | Sewer    | Entered a sewer
  4008 | Sewer    | Reached skill level 5 in Fighting
  4329 | D:5      | Reached skill level 5 in Short Blades
  4538 | D:5      | Reached skill level 6 in Fighting
  4660 | D:5      | Found Muveyn's Antique Weapon Shoppe.
  4711 | D:5      | Identified the +4 sling "Izacem" {heavy, rPois Int-5
                  | Stlth+}
  4770 | D:5      | Reached skill level 7 in Fighting
  4942 | D:6      | Reached XP level 9. HP: 50/50 MP: 10/10
  4978 | D:6      | Found a sparkling altar of Nemelex Xobeh.
  5036 | D:6      | Found a radiant altar of Vehumet.
  5054 | D:6      | Found a sand-covered staircase.
  5059 | Ossuary  | Entered an ossuary
  5192 | Ossuary  | Found an ancient bone altar of Kikubaaqudgha.
  5347 | D:6      | Reached skill level 8 in Fighting
  5475 | D:6      | Reached skill level 6 in Short Blades
  5903 | D:6      | Found a staircase to the Ecumenical Temple.
  5919 | Temple   | Entered the Ecumenical Temple
  5934 | Temple   | Became a worshipper of Gozag Ym Sagoz the Greedy
  6118 | D:7      | Reached skill level 7 in Short Blades
  6243 | D:7      | Reached skill level 8 in Short Blades
  6270 | D:7      | Identified the ring of Yshoal {Fire Fly Int+3}
  6391 | D:7      | Reached XP level 10. HP: 54/56 MP: 11/11
  6396 | D:7      | Identified the +7 chain mail "Pytafioss" {Dex+4}
  6646 | D:7      | Reached skill level 9 in Short Blades
  6741 | D:7      | Noticed Joseph
  6766 | D:7      | Killed Joseph
  7000 | D:8      | Identified 2 potions of resistance
  7113 | D:8      | Found a burning altar of Makhleb.
  7116 | D:8      | Noticed a cyclops
  7131 | D:8      | Killed a cyclops
  7132 | D:8      | Reached skill level 1 in Armour
  7428 | D:8      | Noticed Prince Ribbit
  7440 | D:8      | Killed Prince Ribbit
  7441 | D:8      | Reached skill level 10 in Short Blades
  7607 | D:8      | Found Iduuc's Distillery.
  7611 | D:8      | Bought a potion of magic for 112 gold pieces
  7611 | D:8      | Bought a potion of brilliance for 56 gold pieces
  7611 | D:8      | Bought 2 potions of cancellation for 224 gold pieces
  7611 | D:8      | Bought 2 potions of haste for 280 gold pieces
  7692 | D:8      | Reached skill level 2 in Armour
  7876 | D:9      | Found Uruwk's Weapon Shoppe.
  7876 | D:9      | Noticed a +0 executioner's axe
  7878 | D:9      | Noticed a +0 executioner's axe
  7898 | D:9      | Found an ancient bone altar of Kikubaaqudgha.
  7981 | D:9      | Found a runed translucent door.
  7981 | D:9      | Found a runed translucent door.
  8092 | D:9      | Noticed a centaur warrior
  8092 | D:9      | Noticed a cyan ugly thing
  8101 | D:9      | Slain by a cyan ugly thing

Vanquished Creatures
  A cyclops (D:8)
  Joseph (D:7)
  Grinder (D:3)
  A hornet (D:8)
  Prince Ribbit (D:8)
  2 wyverns
  A steam dragon (D:6)
  3 water moccasins
  4 orc warriors
  5 ice beasts
  3 black bears
  An ogre (D:5)
  2 crocodiles (Sewer)
  2 phantoms
  3 scorpions
  A burial acolyte (Ossuary)
  5 wights
  4 bombardier beetles
  12 hounds
  3 jellies
  4 iguanas
  5 orc priests
  Terence (D:2)
  A sickly merfolk siren (Sewer)
  3 orc wizards (D:7)
  A malarious merfolk avatar (Sewer)
  A mummy (Ossuary)
  11 adders
  8 gnolls
  3 river rats (Sewer)
  3 shadow imps
  A white imp (D:6)
  4 ufetubi (D:6)
  2 dart slugs
  A ribbon worm (D:2)
  35 orcs
  4 bats
  9 endoplasms
  2 giant cockroaches
  13 hobgoblins
  11 jackals
  4 quokkas
  12 ball pythons
  9 frilled lizards
  7 gnoll skeletons (Ossuary)
  4 goblins
  4 kobolds
  6 kobold skeletons (Ossuary)
  7 orc skeletons (Ossuary)
  24 rats
256 creatures vanquished.

Table legend: (Time is in decaauts)
 A = Elapsed time spent in this place.
 B = Non-inter-level travel time spent in this place.
 C = Inter-level travel time spent in this place.
 D = Time resting spent in this place.
 E = Time spent auto-exploring this place.
 F = Levels seen in this place.
 G = Mean time per level.
                   A        B        C        D        E       F      G
               +--------+--------+--------+--------+--------+-----+--------+
         Total |   7898 |   7578 |    320 |    431 |   5129 |  12 |  658.2 |
       Dungeon |   7242 |   6937 |    305 |    428 |   4822 |   9 |  804.7 |
        Temple |     32 |     17 |     15 |      0 |      0 |   1 |   32.0 |
         Sewer |    393 |    393 |      0 |      2 |    188 |   1 |  393.0 |
       Ossuary |    231 |    231 |      0 |      0 |    119 |   1 |  231.0 |
               +--------+--------+--------+--------+--------+-----+--------+

Top non-repeatable levels by time:
     D:4: 1264 daAuts
     D:8: 855 daAuts
     D:5: 838 daAuts
     D:1: 829 daAuts
     D:3: 822 daAuts
     D:6: 819 daAuts
     D:7: 797 daAuts
     D:2: 792 daAuts
   Sewer: 393 daAuts
 Ossuary: 231 daAuts
     D:9: 222 daAuts
  Temple: 32 daAuts

Table legend:
 A = Non-vault XP
 B = Vault XP
 C = Vault XP percentage of total XP
 D = Non-vault monster count
 E = Vault monster count
 F = Vault count percentage of total count
                 A         B        C        D         E       F
            +---------+---------+-------+---------+---------+-------
      Total |    5338 |    2416 |  31.2 |     168 |      88 |  34.4
            +---------+---------+-------+---------+---------+-------
        D:1 |      37 |       0 |   0.0 |      22 |       0 |   0.0
        D:2 |      86 |      53 |  38.1 |      20 |       4 |  16.7
        D:3 |      25 |     277 |  91.7 |       8 |       1 |  11.1
        D:4 |     507 |       0 |   0.0 |      28 |       0 |   0.0
        D:5 |     788 |     173 |  18.0 |      26 |       8 |  23.5
        D:6 |     960 |       0 |   0.0 |      24 |       0 |   0.0
        D:7 |    1415 |    1003 |  41.5 |      27 |      12 |  30.8
        D:8 |    1188 |     264 |  18.2 |       8 |       1 |  11.1
        D:9 |     332 |       0 |   0.0 |       5 |       0 |   0.0
      Sewer |       0 |     383 | 100.0 |       0 |      38 | 100.0
    Ossuary |       0 |     263 | 100.0 |       0 |      24 | 100.0
            +---------+---------+-------+---------+---------+-------
